 Dungeon Crawl Stone Soup version 0.31-a0-265-gcf7e37af1d (webtiles) character file.

Game seed: 2902714852576916078

79 qw the Shooter (level 4, -7/36 HPs)
             Began as a Minotaur Hexslinger on July 13, 2023.
             Mangled by an ice beast (9 damage)
             ... on level 3 of the Dungeon.
             The game lasted 00:00:42 (1904 turns).

qw the Shooter (Minotaur Hexslinger)                Turns: 1904, Time: 00:00:42

Health: -7/36      AC:  4    Str: 13    XL:     4   Next: 16%
Magic:  4/4        EV: 12    Int: 10    God:
Gold:   103        SH:  0    Dex: 14    Spells: 4/5 levels left

rFire   . . .        Y - +1 sling
rCold   . . .        (no shield)
rNeg    . . .        j - +0 leather armour
rPois   .            (helmet restricted)
rElec   .            k - +0 cloak
rCorr   .            (no gloves)
SInv    .            (no boots)
Will    +....        (no amulet)
Stlth   +            i - ring of willpower
HPRegen 0.26/turn    (no ring)
MPRegen 0.09/turn

%: no passive effects
@: about to teleport
A: horns 2, retaliatory headbutt
a: no special abilities


You were on level 3 of the Dungeon.
You visited 1 branch of the dungeon, and saw 3 of its levels.

You collected 103 gold pieces.


Innate Abilities, Weirdness & Mutations

You have a pair of horns on your head.
You reflexively headbutt those who attack you in melee.


   Skills:
 - Level 2.0 Fighting
 + Level 4.7 Ranged Weapons
 - Level 2.1 Dodging
 - Level 1.0 Spellcasting
 - Level 2.0 Hexes


You had 4 spell levels left.
You knew the following spells:

 Your Spells              Type           Power      Damage    Failure   Level
a - Slow                  Hex            16%        N/A       19%         1

Your spell library contained the following spells:

 Spells                   Type           Power      Damage    Failure   Level
 Inner Flame              Hex/Fire       2%         N/A       65%         3
 Portal Projectile        Hex/Tloc       4%         N/A       65%         3
 Cause Fear               Hex            2%         N/A       88%         4

Inventory:

Hand Weapons
 Y - a +1 sling (weapon)
Armour
 c - a +0 ring mail
 j - a +0 leather armour (worn)
 k - a +0 cloak (worn)
Jewellery
 i - a ring of willpower (left hand)
Scrolls
 a - a scroll of teleportation
 g - 4 scrolls of identify
 m - a scroll of amnesia {unknown}
Potions
 b - a potion of heal wounds
 d - a potion of haste {unknown}
 e - a potion of degeneration {unknown}
 f - 2 potions of curing
 h - a potion of ambrosia {unknown}
 l - a potion of cancellation

Dungeon Overview and Level Annotations

Branches:
Dungeon (3/15)

Altars:


Message History

An ice beast comes into view.
Enter note:
Enter note:
Enter note:
Enter note:
Enter note:
Enter note:
Enter note:
Enter note:
Enter note:
Enter note:
Enter note:
Enter note:
Enter note:
Enter note:
Enter note:
Enter note:
Enter note:
Enter note: You shoot a sling bullet.
The sling bullet hits the ice beast but does no damage.
You shoot a sling bullet. The sling bullet hits the ice beast.
The ice beast is lightly wounded.
The ice beast hits you but does no damage.
You shoot a sling bullet.
The sling bullet hits the ice beast but does no damage.
The ice beast is lightly wounded.
The ice beast barely misses you. The ice beast hits you.
The ice beast freezes you.
You shoot a sling bullet. The sling bullet hits the ice beast.
The ice beast is moderately wounded.
The ice beast hits you. The ice beast freezes you!
You shoot a sling bullet. The sling bullet hits the ice beast.
The ice beast is moderately wounded.
The ice beast hits you. The ice beast freezes you!
1904 ||| READING 2 scrolls of teleportation.
As you read the scroll of teleportation, it crumbles to dust.
You feel strangely unstable. The ice beast hits you. The ice beast freezes you!
You die...

...............#.#.#.#
..##...........#.#.#.#
...............#.#.#.#
...............#.#.#.#
...........###.#.#.#.#
...........# #.#.#.#
...........# #.#.#<#
...........# #.#.###
.........#####.#@#
.............#.#.Y...#
....#.###....#.#########
......##...............#
......#......#########.#
.....#..#....# #.#
..<.....+....# #.#
#####..##....# #.# #
#..####+##########.#


You could see an ice beast.

Vanquished Creatures
  3 adders (D:2)
  2 dart slugs
  3 orcs (D:3)
  3 bats
  4 endoplasms
  2 giant cockroaches (D:2)
  6 goblins
  4 hobgoblins
  7 ball pythons
  5 frilled lizards
  2 kobolds (D:1)
  6 rats
47 creatures vanquished.

Notes
Turn   | Place    | Note
-------+----------+-------------------------------------------
     0 | D:1      | qw the Minotaur Hexslinger began the quest for the Orb.
     0 | D:1      | Reached XP level 1. HP: 16/16 MP: 1/1
     0 | D:1      | 0 ||| qw: Version: 0.3-a-52-g30416fa
     0 | D:1      | 0 ||| qw: Game counter: 7627
     0 | D:1      | 0 ||| qw: Melee chars always use a shield: true
     0 | D:1      | 0 ||| qw: God list: Okawaru
     0 | D:1      | 0 ||| qw: Allow faded altars: false
     0 | D:1      | 0 ||| qw: Do Orc after clearing Dungeon:15 true
     0 | D:1      | 0 ||| qw: Do second Lair branch before Depths: true
     0 | D:1      | 0 ||| qw: Lair rune preference: random
     0 | D:1      | 0 ||| qw: Goals: Normal
     0 | D:1      | 0 ||| PLANNING D:1-11
   298 | D:1      | Reached skill level 3 in Ranged Weapons
   318 | D:1      | Reached XP level 2. HP: 23/23 MP: 2/2
   647 | D:1      | 647 ||| DROPPING ring of flight.
   648 | D:1      | 648 ||| READING 3 scrolls labelled TUKIAR PEXY.
   651 | D:1      | 651 ||| READING scroll labelled VISYMIO JUMAUZ.
   652 | D:1      | 652 ||| READING 4 scrolls labelled LALEDU AGEO.
   653 | D:1      | 653 ||| DRINKING 3 fizzy green potions.
   654 | D:1      | 654 ||| DROPPING scroll of poison.
   683 | D:2      | 683 ||| STAIRDANCE
   735 | D:2      | Reached XP level 3. HP: 29/29 MP: 3/3
   852 | D:2      | Found a faded altar of an unknown god.
   943 | D:2      | Reached skill level 4 in Ranged Weapons
  1237 | D:2      | 1237 ||| UPGRADING to +0 leather armour.
  1247 | D:2      | 1247 ||| DROPPING +0 robe.
  1248 | D:2      | 1248 ||| UPGRADING to +0 cloak.
  1253 | D:2      | 1253 ||| DROPPING +6 ring of intelligence.
  1254 | D:2      | 1254 ||| UPGRADING to ring of willpower.
  1255 | D:2      | 1255 ||| READING scroll labelled ATU LIOPUGH.
  1256 | D:2      | 1256 ||| READING 4 scrolls of identify.
  1256 | D:2      | 1256 ||| IDENTIFYING bubbling orange potion
  1257 | D:2      | 1257 ||| READING 3 scrolls of identify.
  1257 | D:2      | 1257 ||| IDENTIFYING grey potion
  1258 | D:2      | 1258 ||| READING 2 scrolls of identify.
  1258 | D:2      | 1258 ||| IDENTIFYING dark potion
  1259 | D:2      | 1259 ||| DROPPING potion of magic.
  1320 | D:3      | Reached XP level 4. HP: 36/36 MP: 4/4
  1468 | D:3      | Identified the +8 dagger "Minotaur's Foe" {protect, rPois
                  | rF- rC+}
  1898 | D:3      | Noticed an ice beast
  1903 | D:3      | HP: 4/36 [ice beast (12)]
  1904 | D:3      | 1904 ||| READING 2 scrolls of teleportation.
  1904 | D:3      | Mangled by an ice beast

Levels and vault maps discovered:
D:1:      spicycebolla_arrival_clurvy, layout_loops_ring, minmay_tiny_reverse_x
D:2:      layout_basic, chequers_ecumenical_altar_simple_redux
D:3:      layout_basic, minmay_crystal_room

Skill      XL: |  1  2  3 |
---------------+----------+-----
Ranged Weapons | 3 4 |  4.7
Fighting       | 2 |  2.0
Dodging        | |  2.1
Spellcasting   | |  1.0
Hexes          | |  2.0

Action                     |  1- 3 |  4- 6 || total
---------------------------+-------+-------++-------
   Fire: Sling             |   109 |    24 ||   133
    Use: Scroll            |     7 |     1 ||     8
         Potion            |     1 |       ||     1
 Armour: Robe              |     7 |       ||     7
         Leather armour    |       |     1 ||     1
  Dodge: Dodged            |    26 |     4 ||    30

Table legend:
 A = Non-vault XP
 B = Vault XP
 C = Vault XP percentage of total XP
 D = Non-vault monster count
 E = Vault monster count
 F = Vault count percentage of total count
                 A         B        C        D         E       F
            +---------+---------+-------+---------+---------+-------
      Total |     110 |       3 |   2.7 |      45 |       2 |   4.3
            +---------+---------+-------+---------+---------+-------
        D:1 |      21 |       3 |  12.5 |      15 |       2 |  11.8
        D:2 |      67 |       0 |   0.0 |      20 |       0 |   0.0
        D:3 |      22 |       0 |   0.0 |      10 |       0 |   0.0
            +---------+---------+-------+---------+---------+-------
